 Dungeon Crawl Stone Soup version 0.28.0-53-g5a82cb258f (webtiles) character file.

Game seed: 6185292738373883429

51 Acheron the Sneak (level 3, 0/29 HPs)
             Began as a Demigod Brigand on July 14, 2022.
             Slain by an orc
             ... wielding a +0 club
              (2 damage)
             ... on level 2 of the Dungeon.
             The game lasted 00:04:23 (757 turns).

Acheron the Sneak (Demigod Brigand)                  Turns: 757, Time: 00:04:24

Health: 0/29       AC:  3    Str: 12    XL:     3   Next: 36%
Magic:  5/5        EV: 12    Int: 13    God:
Gold:   22         SH:  0    Dex: 19    Spells: 2/2 levels left

rFire   . . .      SeeInvis .   a - +2 dagger
rCold   . . .      Faith    .   (no shield)
rNeg    . . .      Spirit   .   b - +0 robe
rPois   .          Reflect  .   (no helmet)
rElec   .          Harm     .   c - +0 cloak
rCorr   .          Rampage  .   (no gloves)
Will    .....                   (no boots)
Stlth   +++.......              (no amulet)
HPRegen 0.09/turn               (no ring)
MPRegen 0.09/turn               (no ring)

@: no status effects
A: high MP 1, forlorn, divine attributes
a: no special abilities


You were on level 2 of the Dungeon.
You visited 1 branch of the dungeon, and saw 2 of its levels.

You collected 22 gold pieces.

Inventory:

Hand Weapons
 a - a +2 dagger (weapon)
Missiles
 d - 8 poisoned darts
 e - 2 curare-tipped darts (quivered)
 f - 4 javelins
 g - 10 stones
Armour
 b - a +0 robe (worn)
 c - a +0 cloak (worn)
Potions
 h - 2 potions of degeneration {unknown}
 i - a potion of brilliance


   Skills:
 * Level 2.0 Fighting
 * Level 2.1 Short Blades
 * Level 1.9 Throwing
 * Level 1.2 Dodging
 * Level 4.5 Stealth


You had 2 spell levels left.
You didn't know any spells.
Your spell library was empty.

Dungeon Overview and Level Annotations

Branches:
Dungeon (2/15)


Innate Abilities, Weirdness & Mutations

You have an increased reservoir of magic. (+10% MP)
You shall have no god before yourself.
Your divine heritage dramatically boosts your attributes as you level up.


Message History

The orc is heavily wounded.
The orc hits you but does no damage.
You hit the orc.
You kill the orc!
You hit the orc but do no damage. The orc closely misses you.
You closely miss the orc. The orc closely misses you.
You barely miss the orc. The orc closely misses you.
You completely miss the orc. You punch the orc, but do no damage.
The orc hits you with a +0 club.
You hit the orc.
The orc is lightly wounded.
The orc hits you but does no damage.
You hit the orc.
The orc is moderately wounded.
The orc hits you but does no damage.
You completely miss the orc.
The orc is moderately wounded.
The orc barely misses you.
You hit the orc but do no damage.
The orc is moderately wounded.
The orc hits you with a +0 club.
You hit the orc.
The orc is severely wounded.
You barely miss the orc. Your punch misses the orc.
The orc is severely wounded.
The orc hits you with a +0 club!
* * * LOW HITPOINT WARNING * * *
You closely miss the orc.
The orc is severely wounded.
The orc hits you but does no damage.
You hit the orc but do no damage.
The orc is severely wounded.
The orc misses you.
You hit the orc but do no damage.
The orc is severely wounded.
The orc barely misses you.
You hit the orc but do no damage.
The orc is severely wounded.
The orc hits you with a +0 club.
You die...

##....### ##........
#####......# #.........#
.. #.o.# .# #..## #.#
##..# ..#####
#####...##### ##.##...#
........o@..### #..##...#
####..#####...###.##....#
#.. ###.#...#....## #.(#
#.......##..# #..
###...#####.## ...
#....## #... #.. #..#.#
###.# ....#.# #....
#.##...# #....


You could see an orc (strong).

Vanquished Creatures
  Natasha (D:2)
  2 dart slugs (D:1)
  3 orcs (D:2)
  A giant cockroach (D:1)
  A goblin (D:1)
  2 hobgoblins (D:1)
  2 jackals (D:1)
  A quokka (D:1)
  2 ball pythons
  A frilled lizard (D:1)
  3 rats (D:1)
19 creatures vanquished.

Notes
Turn   | Place    | Note
-------+----------+-------------------------------------------
     0 | D:1      | Acheron the Demigod Brigand began the quest for the Orb.
     0 | D:1      | Reached XP level 1. HP: 17/17 MP: 3/3
   167 | D:1      | Noticed a jelly
   167 | D:1      | Noticed a jelly
   167 | D:1      | Noticed a jelly
   247 | D:1      | Reached skill level 4 in Stealth
   253 | D:1      | Reached XP level 2. HP: 14/24 MP: 4/4
   493 | D:1      | Reached skill level 1 in Dodging
   577 | D:2      | Noticed Natasha
   583 | D:2      | Killed Natasha
   584 | D:2      | Reached XP level 3. HP: 18/29 MP: 5/5
   757 | D:2      | Slain by an orc

Illustrated notes

Levels and vault maps discovered:
D:1:      erik_arrival_cave_to_civilisation [erik_arrival_cave_to_temple],
          layout_basic, hellmonk_ecumenical_altar_defaced_shrine, serial_shops,
          nicolae_shop_advertising_works [nicolae_subvault_shop_adworks], shop,
          minmay_close_crescents
D:2:      layout_rooms, chequers_garden, uniq_natasha

Skill      XL: |  1  2 |
---------------+-------+-----
Stealth        | 4 |  4.5
Short Blades   | 2 |  2.1
Dodging        | 1 |  1.2
Fighting       | 2 |  2.0
Throwing       | |  1.9

Action                   || total
-------------------------++-------
Melee: Dagger            ||    74
       Punch             ||     1
Throw: Dart              ||     1
  Use: Scroll            ||     1
 Stab: Sleeping          ||     6
Armor: Robe              ||    14
Dodge: Dodged            ||    26
